[Event "Titled Tuesday Blitz January 17 Early 2023"]
[White "Garrido, Denis"]
[Black "Becerra, Juan David"]
[WhiteFideId "601217"]
[BlackFideId "4404998"]
[WhiteElo "2205"]
[BlackElo "2382"]
[Result "0-1"]
[Round "03"]
[TimeControl "180+2"]
[Date "2023.01.17"]
[WhiteClock "0:01:37"]
[BlackClock "0:00:19"]

1. e4 e5 2. Nf3 Nc6 3. Bb5 a6 4. Ba4 f5 5. d3 fxe4 6. dxe4 d6 7. Nc3 Nf6 8. Bg5 Be7 9. Bb3 Na5 10. Bxf6 Bxf6 11. Qd5 Nxb3 12. axb3 c6 13. Qd3 O-O 14. h3 Be6 15. Rd1 Be7 16. O-O Qe8 17. Nd2 Rd8 18. Qg3 Qh5 19. Nc4 Rf6 20. Rd2 Rg6 21. Qh2 Qxh3 22. Qxh3 Bxh3 23. Ne3 Bg5 24. Kh2 Bxe3 25. fxe3 Be6 26. Rfd1 Bg4 27. Rf1 Rf8 28. Rdf2 Rxf2 29. Rxf2 Rf6 30. Rd2 Kf7 31. Kg3 Bc8 32. b4 Ke7 33. Ne2 Rg6+ 34. Kf2 h5 35. Ng1 Rg4 36. Kf3 h4 37. Ne2 Rg6 38. c4 Bg4+ 39. Kf2 Bxe2 40. Rxe2 Rg4 41. Kf3 Rg3+ 42. Kf2 g5 43. Rd2 Ke6 44. b5 axb5 45. cxb5 d5 46. bxc6 bxc6 47. exd5+ cxd5 48. Rc2 d4 49. exd4 exd4 50. Rc6+ Kf5 51. Rc5+ Ke4 52. b4 g4 53. b5 Rb3 54. Kg1 Rb1+ 55. Kh2 g3+ 56. Kh3 Rh1+ 57. Kg4 d3 58. Rc8 d2 59. Re8+ Kd3 60. Rd8+ Kc2 61. Rc8+ Kb3 62. Rd8 d1=Q+ 63. Rxd1 Rxd1 64. Kxh4 Rd5 65. Kxg3 Rxb5 66. Kf4 Kc4 67. g4 Kd5 68. Kf5 Kd6+ 69. Kf6 Rb1 70. g5 Rf1+ 71. Kg7 Ke7 72. g6 Rf6 73. Kh7 Rf1 74. g7 Rh1+ 75. Kg6 Rg1+ 76. Kh7 Kf7 77. Kh8 Rh1# 0-1


[Site "https://www.chess.com"]

[Event "Titled Tuesday Blitz January 17 Early 2023"]
[White "Nordquelle, Daniel"]
[Black "Mestnikov, Aisen"]
[WhiteFideId "1519042"]
[BlackFideId "34130117"]
[WhiteElo "2151"]
[BlackElo "2078"]
[Result "0-1"]
[Round "03"]
[TimeControl "180+2"]
[Date "2023.01.17"]
[WhiteClock "0:00:11"]
[BlackClock "0:00:03"]

1. e4 e5 2. Nf3 Nc6 3. Bc4 Bc5 4. d3 Nf6 5. O-O d6 6. a4 a5 7. c3 Ba7 8. Nbd2 Be6 9. Bb5 O-O 10. Nc4 Ne7 11. Ne3 Ng6 12. Qc2 d5 13. exd5 Nxd5 14. Re1 Ngf4 15. Nxd5 Bxd5 16. Nxe5 Qg5 17. g3 Nh3+ 18. Kf1 Qf5 19. f4 Nf2 20. Bd7 Qh5 21. Qe2 Qxh2 22. Qd2 Qg2+ 23. Ke2 Ne4+ 24. Kd1 Nxd2 25. Bxd2 Bf3+ 26. Kc2 Bd5 27. Rg1 Bxg1 0-1


[Site "https://www.chess.com"]

[Event "Titled Tuesday Blitz January 17 Early 2023"]
[White "Cueto, Jonny"]
[Black "Rengifo Blancas, Renzo Jhonathan"]
[WhiteFideId "3300145"]
[BlackFideId "3807185"]
[WhiteElo "2122"]
[BlackElo "2131"]
[Result "0-1"]
[Round "03"]
[TimeControl "180+2"]
[Date "2023.01.17"]
[WhiteClock "0:00:04"]
[BlackClock "0:01:56"]

1. d4 d5 2. Bf4 Nf6 3. e3 e6 4. Nf3 c5 5. Nbd2 Nc6 6. c3 Bd6 7. Ne5 Qc7 8. Ndf3 O-O 9. Bd3 b6 10. g4 Bb7 11. h4 Ne7 12. h5 Ne4 13. Nd2 f6 14. Bxe4 dxe4 15. Nec4 Bxf4 16. exf4 Qxf4 17. dxc5 e3 18. Nxe3 Bxh1 19. Qb3 Bd5 20. c4 Bf3 21. cxb6 axb6 22. c5 Nd5 23. cxb6 Nxe3 24. fxe3 Qg3+ 25. Kf1 Qg2+ 26. Ke1 Qe2# 0-1


[Site "https://www.chess.com"]

[Event "Titled Tuesday Blitz January 17 Early 2023"]
[White "Jenkins, Drake"]
[Black "Luukkonen, Tommi"]
[WhiteFideId "2022397"]
[BlackFideId "501808"]
[WhiteElo "2130"]
[BlackElo "2292"]
[Result "1-0"]
[Round "03"]
[TimeControl "180+2"]
[Date "2023.01.17"]
[WhiteClock "0:00:09"]
[BlackClock "0:00:29"]

1. Nf3 d6 2. g3 g6 3. Bg2 Bg7 4. c4 e5 5. Nc3 f5 6. d3 Nf6 7. O-O O-O 8. Rb1 a5 9. a3 Nc6 10. b4 axb4 11. axb4 Kh8 12. b5 Ne7 13. Bb2 c6 14. Ra1 Rxa1 15. Qxa1 h6 16. Nd2 g5 17. bxc6 bxc6 18. Qa7 f4 19. Nce4 Nxe4 20. Nxe4 Nf5 21. Rc1 Be6 22. c5 d5 23. Nd6 Nxd6 24. cxd6 Rf7 25. Qc5 Bd7 26. Ra1 Qf6 27. Ra8+ Kh7 28. Ra7 fxg3 29. hxg3 Bf8 30. Rxd7 Rxd7 31. Qxc6 Rxd6 32. Qb7+ Bg7 33. Bxd5 Rb6 34. Qc8 h5 35. Be4+ Kh6 36. Qg8 g4 37. Bc1+ 1-0


[Site "https://www.chess.com"]

[Event "Titled Tuesday Blitz January 17 Early 2023"]
[White "Hartikainen, Jarmo"]
[Black "Dinu, Dumitru-Daniel"]
[WhiteFideId "503134"]
[BlackFideId "1208403"]
[WhiteElo "2108"]
[BlackElo "2203"]
[Result "1/2-1/2"]
[Round "03"]
[TimeControl "180+2"]
[Date "2023.01.17"]
[WhiteClock "0:00:14"]
[BlackClock "0:00:01"]

1. e4 c5 2. c3 d5 3. exd5 Qxd5 4. d4 Nc6 5. Nf3 g6 6. Na3 Bg7 7. Nb5 Qd8 8. dxc5 Qxd1+ 9. Kxd1 Rb8 10. Bf4 e5 11. Nd6+ Ke7 12. Bg5+ f6 13. Be3 Bg4 14. Be2 Nh6 15. h3 Be6 16. Kc2 Rhd8 17. Rad1 Bxa2 18. b3 Na5 19. Bc4 b5 20. Nxb5 Nxc4 21. bxc4 Bxc4 22. Rxd8 Rxd8 23. Nxa7 Ra8 24. Ra1 Ke6 25. c6 Nf5 26. c7 Nd6 27. Kb2 Kd7 28. Bb6 Bd5 29. Ne1 Nc4+ 30. Kc2 Nxb6 31. Nd3 Be4 32. Kd2 Bxd3 33. Kxd3 Kxc7 34. Nb5+ Kc6 35. Rxa8 Nxa8 36. c4 Nb6 37. Na7+ Kd7 38. Nb5 Na4 39. f3 Nc5+ 40. Kc3 f5 41. Kd2 e4 42. fxe4 fxe4 43. Ke3 Kc6 44. Na3 Bh6+ 45. Ke2 Ne6 46. Nc2 Kc5 47. Ne3 Bxe3 48. Kxe3 Kxc4 49. Kxe4 Kc5 50. Ke5 Nd4 51. g4 Ne2 52. h4 Kc4 53. Kf6 Nf4 54. Kg7 h5 55. gxh5 gxh5 56. Kf6 Kd4 57. Kg5 Ke3 58. Kh6 Kf3 59. Kg5 Kg3 60. Kf5 Kf3 61. Kg5 Ke4 62. Kf6 Kf3 63. Kg5 1/2-1/2


[Site "https://www.chess.com"]

[Event "Titled Tuesday Blitz January 17 Early 2023"]
[White "Smietanska, Wiktoria"]
[Black "Zherebtsova, Alexandra"]
[WhiteFideId "21869359"]
[BlackFideId "24129518"]
[WhiteElo "1936"]
[BlackElo "2155"]
[Result "0-1"]
[Round "03"]
[TimeControl "180+2"]
[Date "2023.01.17"]
[WhiteClock "0:00:01"]
[BlackClock "0:00:18"]

1. c4 e5 2. Nc3 Nc6 3. Nf3 f5 4. g3 Nf6 5. d4 e4 6. Nh4 g6 7. Ng2 Bg7 8. h4 h6 9. Nf4 Ne7 10. Bg2 O-O 11. e3 c6 12. d5 cxd5 13. Ncxd5 Nexd5 14. Nxd5 Qa5+ 15. Bd2 Qc5 16. Bb4 Qxc4 17. Bxf8 Kxf8 18. Nxf6 Bxf6 19. Qd6+ Kf7 20. h5 Bxb2 21. Qxg6+ Ke7 22. Rd1 Bc3+ 23. Rd2 Qd3 24. Qh7+ Kd8 25. Qh8+ Bxh8 26. Rxd3 exd3 27. Kd2 d6 28. Kxd3 Kc7 29. Rc1+ Kd7 30. Bh3 Ke7 31. Rc7+ Kf6 32. Rh7 Bg7 33. Kd4 Be6 34. e4 Bg8 35. Bxf5 Bxh7 36. Bxh7 Re8 0-1


[Site "https://www.chess.com"]

[Event "Titled Tuesday Blitz January 17 Early 2023"]
[White "Broca Jimenez, Fernando"]
[Black "Sonnenschein, Philipp"]
[WhiteFideId "5104742"]
[BlackFideId "16250877"]
[WhiteElo "2075"]
[BlackElo "2224"]
[Result "0-1"]
[Round "03"]
[TimeControl "180+2"]
[Date "2023.01.17"]
[WhiteClock "0:00:13"]
[BlackClock "0:00:13"]

1. e4 c6 2. d4 d5 3. Nc3 dxe4 4. Nxe4 Nf6 5. Nxf6+ exf6 6. Bf4 Bd6 7. Qd2 O-O 8. Bd3 Re8+ 9. Ne2 Bg4 10. f3 Bh5 11. O-O Bg6 12. Bxd6 Qxd6 13. c3 Bxd3 14. Qxd3 Nd7 15. Rfe1 Ne5 16. Qc2 Nc4 17. Ng3 Ne3 18. Qd3 Qf4 19. Re2 Re6 20. Ne4 Nd5 21. Nc5 Rxe2 22. Qxe2 b6 23. Nd3 Qd6 24. Re1 Kf8 25. Qe4 g6 26. g3 a5 27. c4 Nc7 28. Qh4 Kg7 29. Nf2 Ne6 30. Ng4 Nxd4 31. Qh6+ Kg8 32. Rd1 f5 33. Ne3 Re8 34. Kf2 Qf6 35. h4 Qe5 36. Rd3 Nc2 37. h5 Nxe3 38. Rxe3 Qxb2+ 39. Kg1 Qc1+ 40. Kf2 Qxe3+ 41. Qxe3 Rxe3 42. Kxe3 Kg7 43. Kd4 Kf6 44. h6 Ke6 45. f4 f6 46. a4 c5+ 47. Ke3 g5 48. Kd3 Kf7 49. Ke3 Kg6 50. Kf3 Kxh6 51. g4 fxg4+ 52. Kxg4 gxf4 53. Kxf4 Kg6 54. Ke4 h5 55. Kd5 h4 56. Kc6 h3 57. Kxb6 h2 58. Kxc5 h1=Q 59. Kb5 Qc1 60. Kxa5 Qxc4 61. Kb6 Qxa4 62. Kc5 Qd1 63. Kc4 f5 64. Kc3 f4 65. Kb2 f3 66. Kc3 f2 67. Kb2 f1=Q 68. Kc3 Qfd3+ 69. Kb2 Q3b3# 0-1


[Site "https://www.chess.com"]

[Event "Titled Tuesday Blitz January 17 Early 2023"]
[White "Forgacs, Attila Jr."]
[Black "Thiel, Thomas"]
[WhiteFideId "773654"]
[BlackFideId "4615964"]
[WhiteElo "2264"]
[BlackElo "2234"]
[Result "1-0"]
[Round "03"]
[TimeControl "180+2"]
[Date "2023.01.17"]
[WhiteClock "0:01:49"]
[BlackClock "0:01:14"]

1. e4 d5 2. exd5 Nf6 3. Nf3 Nxd5 4. d4 g6 5. c4 Nb6 6. Nc3 Bg7 7. Be3 O-O 8. Be2 Bg4 9. b3 Nc6 10. Qd2 Bxf3 11. Bxf3 Nxd4 12. Bxd4 Qxd4 13. Qxd4 Bxd4 14. Rc1 c6 15. O-O Rad8 16. Rfe1 e6 17. Ne4 h6 18. c5 Nd5 19. Nd6 Bxc5 20. Nxb7 Bb4 21. Nxd8 Bxe1 22. Nxc6 Bd2 23. Rd1 Rc8 24. Bxd5 1-0


[Site "https://www.chess.com"]

[Event "Titled Tuesday Blitz January 17 Early 2023"]
[White "Seletsky, Grigory"]
[Black "Granados Diaz, Maria Esther"]
[WhiteFideId "14112191"]
[BlackFideId "6101488"]
[WhiteElo "2259"]
[BlackElo "1868"]
[Result "0-1"]
[Round "03"]
[TimeControl "180+2"]
[Date "2023.01.17"]
[WhiteClock "0:00:04"]
[BlackClock "0:00:08"]

1. e4 e5 2. Nf3 Nc6 3. Bc4 Nf6 4. c3 Nxe4 5. Qe2 d5 6. Bb5 Bd6 7. d3 Nf6 8. Nxe5 O-O 9. Nxc6 bxc6 10. Bxc6 Rb8 11. O-O Bg4 12. f3 Bf5 13. Ba4 h6 14. d4 c5 15. Be3 Qa5 16. Bd1 Rfe8 17. Qd2 Rxe3 18. Qxe3 Rxb2 19. Be2 cxd4 20. cxd4 Bc7 21. Nc3 Bb6 22. Rfd1 Qb4 23. Rac1 Bc2 24. Rd2 Bf5 25. Rcd1 Rxd2 26. Qxd2 Ba5 27. Rc1 Kh7 28. Kh1 Be4 29. Bd3 Bxd3 30. Qxd3+ g6 31. Ne2 Kg7 32. g4 Qb2 33. Qc2 Qb6 34. Kg2 Qe6 35. Qd3 Bb6 36. Rc2 Nh7 37. Nf4 Qf6 38. Nxd5 Qh4 39. Nxb6 axb6 40. Qe3 Ng5 41. Qf2 Qh3+ 42. Kg1 Nxf3+ 43. Qxf3 Qxf3 44. Rf2 Qxg4+ 45. Kf1 Qxd4 46. Kg2 b5 47. h3 f5 48. Re2 Kf6 49. Rf2 Qe4+ 50. Kg1 f4 51. Kf1 g5 52. Re2 Qd3 53. Kf2 Kf5 54. Re8 Qg3+ 55. Kf1 Qxh3+ 56. Ke1 Qc3+ 57. Ke2 Qc4+ 58. Kf2 Qxa2+ 59. Kf1 Qb3 60. Re2 Kg4 61. Rg2+ Kf5 62. Re2 Qd3 63. Ke1 Qxe2+ 64. Kxe2 b4 65. Kd3 h5 66. Kc4 g4 67. Kc5 f3 68. Kc6 g3 0-1


[Site "https://www.chess.com"]

[Event "Titled Tuesday Blitz January 17 Early 2023"]
[White "Mouhamad, Joachim"]
[Black "Kornyukov, Alexey"]
[WhiteFideId "656410"]
[BlackFideId "4150457"]
[WhiteElo "2238"]
[BlackElo "2452"]
[Result "1-0"]
[Round "03"]
[TimeControl "180+2"]
[Date "2023.01.17"]
[WhiteClock "0:00:17"]
[BlackClock "0:00:47"]

1. e4 c5 2. Nc3 e5 3. Bc4 Nc6 4. d3 Be7 5. Nge2 Nf6 6. O-O O-O 7. f4 d6 8. f5 Nd4 9. Nxd4 cxd4 10. Ne2 a6 11. a4 Bd7 12. h3 Bc6 13. Ng3 b5 14. Bb3 b4 15. Bd2 a5 16. Nh5 h6 17. Kh2 Qd7 18. g4 Nxh5 19. gxh5 d5 20. Bxd5 Bxd5 21. exd5 Qxd5 22. Qg4 Bd6 23. Kg1 f6 24. Bxh6 Rf7 25. Rf2 Kh8 26. Bd2 Rc8 27. Rg2 Rcc7 28. h6 Kg8 29. Qg6 Kf8 30. h7 Ke7 31. h8=Q b3 32. cxb3 Qxb3 33. Qxf7+ Qxf7 34. Rxg7 Rc6 35. Rxf7+ Kxf7 36. Qh7+ Ke8 37. Rc1 Rxc1+ 38. Bxc1 Be7 39. Bd2 Kd7 40. Bxa5 Kd6 41. Bb4+ Kd5 42. Bxe7 e4 43. dxe4+ Ke5 44. Bxf6+ Kxf6 45. Qg6+ Ke5 46. Qe6+ Kf4 47. f6 d3 48. Kf2 d2 49. Ke2 d1=Q+ 50. Kxd1 Kg5 51. f7 Kh5 52. Qf5+ Kh6 53. f8=Q# 1-0


[Site "https://www.chess.com"]

[Event "Titled Tuesday Blitz January 17 Early 2023"]
[White "Marn, Jan"]
[Black "Clawitter, Craig"]
[WhiteFideId "14619245"]
[BlackFideId "2023105"]
[WhiteElo "2345"]
[BlackElo "2050"]
[Result "1-0"]
[Round "03"]
[TimeControl "180+2"]
[Date "2023.01.17"]
[WhiteClock "0:00:51"]
[BlackClock "0:00:26"]

1. d4 e6 2. Nf3 Nf6 3. e3 c5 4. Bd3 b6 5. O-O Bb7 6. b3 Be7 7. Bb2 O-O 8. Nbd2 cxd4 9. exd4 d6 10. c4 a6 11. Re1 Nbd7 12. Qc2 Re8 13. Re2 Nf8 14. Rae1 Rc8 15. a4 Ng6 16. Ng5 Nf4 17. Bxh7+ Kf8 18. d5 Nxe2+ 19. Rxe2 exd5 20. Bg6 dxc4 21. Bxf7 c3 22. Qg6 Qd7 23. Be6 1-0


[Site "https://www.chess.com"]

[Event "Titled Tuesday Blitz January 17 Early 2023"]
[White "Fajdetic, Hrvoje"]
[Black "Buscar, Michael"]
[WhiteFideId "14501945"]
[BlackFideId "2603616"]
[WhiteElo "2151"]
[BlackElo "2041"]
[Result "0-1"]
[Round "03"]
[TimeControl "180+2"]
[Date "2023.01.17"]
[WhiteClock "0:00:11"]
[BlackClock "0:00:11"]

1. f4 g6 2. e4 d5 3. e5 Bg7 4. Nf3 Nh6 5. d4 Nf5 6. Bd3 h5 7. O-O b6 8. Qe2 a5 9. c3 Ba6 10. Bxa6 Nxa6 11. Na3 c6 12. Nc2 Nc7 13. Ne3 Qd7 14. Ng5 Nxe3 15. Bxe3 Qf5 16. a4 Bh6 17. Nh3 Ne6 18. c4 O-O 19. Rae1 Rfc8 20. Rf3 Rab8 21. Nf2 b5 22. h3 h4 23. axb5 cxb5 24. Ng4 Bg7 25. cxd5 Rc2 26. dxe6 Rxe2 27. exf7+ Qxf7 28. Rxe2 Qc4 29. Rd2 b4 30. d5 a4 31. Rff2 a3 32. bxa3 bxa3 33. Nh2 Qc1+ 34. Nf1 Rb2 35. Rxb2 axb2 36. d6 exd6 37. exd6 Qxe3 38. Nxe3 b1=Q+ 39. Kh2 Qd3 40. Ng4 Qxd6 41. Kg1 Bd4 42. Kf1 Bxf2 43. Kxf2 Qd4+ 44. Kf3 Qd3+ 45. Kf2 Qg3+ 46. Kf1 Qxf4+ 47. Kg1 Kg7 48. Nf2 Qe3 49. Kf1 g5 50. Ng4 Qc1+ 51. Kf2 Qf4+ 52. Kg1 Qg3 53. Kf1 Kf7 54. Nf2 Ke6 55. Ne4 Qf4+ 56. Nf2 Ke5 57. Ke2 Kd4 58. Ng4 Qe4+ 59. Kf2 Qc2+ 60. Kf3 Qa2 61. Nf2 Qa3+ 62. Ke2 Ke5 63. Nd3+ Ke4 64. Nf2+ Kf4 65. Nh1 Qa2+ 66. Kf1 Qb1+ 67. Kf2 Qxh1 68. g3+ hxg3+ 0-1


[Site "https://www.chess.com"]

[Event "Titled Tuesday Blitz January 17 Early 2023"]
[White "Devaev, Alexander"]
[Black "Cepo, Toni"]
[WhiteFideId "4169395"]
[BlackFideId "4675916"]
[WhiteElo "2325"]
[BlackElo "2145"]
[Result "1-0"]
[Round "03"]
[TimeControl "180+2"]
[Date "2023.01.17"]
[WhiteClock "0:02:19"]
[BlackClock "0:01:57"]

1. d4 Nf6 2. c4 e6 3. Nc3 d5 4. Bg5 Bb4 5. cxd5 exd5 6. Nf3 h6 7. Bh4 c6 8. Qb3 Qe7 9. Bxf6 gxf6 10. e3 Bf5 11. a3 Bd6 12. g3 h5 13. Nh4 Be4 14. Nxe4 Qxe4 15. Bg2 Qe7 16. Nf5 Qd7 17. Nxd6+ Qxd6 18. Qxb7 1-0


[Site "https://www.chess.com"]

[Event "Titled Tuesday Blitz January 17 Early 2023"]
[White "Jimenez Fernandez, Rebeca"]
[Black "Andreev, Konstantin"]
[WhiteFideId "32070934"]
[BlackFideId "24239305"]
[WhiteElo "2069"]
[BlackElo "2195"]
[Result "0-1"]
[Round "03"]
[TimeControl "180+2"]
[Date "2023.01.17"]
[WhiteClock "0:00:02"]
[BlackClock "0:00:38"]

1. e4 c5 2. Nc3 Nc6 3. g3 g6 4. Bg2 Bg7 5. d3 d6 6. Be3 e6 7. Qd2 h5 8. h4 Nge7 9. Nh3 a6 10. O-O b5 11. f4 b4 12. Nd1 O-O 13. f5 exf5 14. exf5 Bxf5 15. Rxf5 gxf5 16. Bh6 Rc8 17. Qg5 Ng6 18. Qxh5 Qf6 19. Ne3 Bxh6 20. Qxh6 Rfe8 21. Rf1 Nd4 22. Nd5 Qe5 23. h5 Ne2+ 24. Kh2 Qxg3+ 25. Kh1 Qh4 26. Nf6+ Qxf6 27. hxg6 Qxg6 28. Qd2 Ng3+ 29. Kh2 Nxf1+ 30. Bxf1 Kg7 31. Nf4 Rh8+ 0-1


[Site "https://www.chess.com"]

[Event "Titled Tuesday Blitz January 17 Early 2023"]
[White "Miszler, Levente"]
[Black "Nikulina, Alena"]
[WhiteFideId "763276"]
[BlackFideId "4172051"]
[WhiteElo "2271"]
[BlackElo "1857"]
[Result "1-0"]
[Round "03"]
[TimeControl "180+2"]
[Date "2023.01.17"]
[WhiteClock "0:02:06"]
[BlackClock "0:00:13"]

1. Nf3 c5 2. c4 Nc6 3. g3 e5 4. Nc3 Nf6 5. Bg2 d5 6. cxd5 Nxd5 7. Nxd5 Qxd5 8. O-O Be7 9. d3 O-O 10. Be3 Bg4 11. Nd4 Qd7 12. Nxc6 bxc6 13. Rc1 Rab8 14. b3 f5 15. Bxc5 Bxc5 16. Rxc5 e4 17. dxe4 Qxd1 18. Rxd1 Bxe2 19. Re1 Bb5 20. exf5 Rbe8 21. Rec1 Re2 22. a4 Bd3 23. Bxc6 Bxf5 24. Bd5+ Kh8 25. Bc4 Rb2 26. Re1 g6 27. Rc7 Bh3 28. Rf7 Rd8 29. Rxa7 Rdd2 30. Re8# 1-0


[Site "https://www.chess.com"]

[Event "Titled Tuesday Blitz January 17 Early 2023"]
[White "MunichMouse"]
[Black "Silva, Pedro Gil Ferreira Da"]
[BlackFideId "1946102"]
[WhiteElo "2211"]
[BlackElo "2227"]
[Result "1-0"]
[Round "03"]
[TimeControl "180+2"]
[Date "2023.01.17"]
[WhiteClock "0:01:02"]
[BlackClock "0:00:49"]

1. d4 Nf6 2. c4 e6 3. Nf3 Bb4+ 4. Bd2 c5 5. Bxb4 cxb4 6. Qd3 d6 7. e4 O-O 8. Nbd2 Nc6 9. Rg1 e5 10. d5 Nb8 11. h3 Na6 12. g4 Nc5 13. Qc2 Nfd7 14. g5 a5 15. h4 a4 16. Qd1 Nb6 17. Rc1 b3 18. a3 f5 19. gxf6 Qxf6 20. Rg3 Bd7 21. Qe2 Rf7 22. Ng5 Re7 23. Rcc3 Qf4 24. h5 h6 25. Nh3 Bxh3 26. Rxh3 Rf8 27. Rcf3 Qg5 28. Rhg3 Qh4 29. Rxf8+ Kxf8 30. Qf3+ Rf7 31. Qg2 Nbd7 32. Be2 Nf6 33. Rh3 Qf4 34. Rf3 Qg5 35. Rg3 Qh4 36. Rh3 Qxe4 37. Nxe4 1-0


[Site "https://www.chess.com"]

[Event "Titled Tuesday Blitz January 17 Early 2023"]
[White "Perez Rodriguez, Jennifer"]
[Black "Rose, Felix"]
[WhiteFideId "3507831"]
[BlackFideId "5105722"]
[WhiteElo "2242"]
[BlackElo "2091"]
[Result "1-0"]
[Round "03"]
[TimeControl "180+2"]
[Date "2023.01.17"]
[WhiteClock "0:00:20"]
[BlackClock "0:00:08"]

1. e4 e5 2. Nf3 Nc6 3. Bc4 Nf6 4. d3 Bc5 5. c3 d6 6. a4 a5 7. h3 h6 8. O-O Ba7 9. Re1 g5 10. d4 Qe7 11. dxe5 dxe5 12. Be3 g4 13. hxg4 Bxe3 14. Rxe3 Nxg4 15. Re1 Bd7 16. Na3 O-O-O 17. Nc2 Qc5 18. Qe2 Nxf2 19. Qxf2 Qxc4 20. Rad1 Rdg8 21. Rd2 f5 22. Ne3 Qxe4 23. Nd5 Qxa4 24. Nf6 Rd8 25. Nxd7 Rxd7 26. Rxd7 Kxd7 27. Nxe5+ Nxe5 28. Qxf5+ Kd8 29. Qf6+ Kd7 30. Qxh8 Ng4 31. Qe8+ Kd6 32. Qxa4 1-0


[Site "https://www.chess.com"]

[Event "Titled Tuesday Blitz January 17 Early 2023"]
[White "Levine, David"]
[Black "Silva, Caio Henrique Angelico"]
[WhiteFideId "2011611"]
[BlackFideId "22777210"]
[WhiteElo "2040"]
[BlackElo "2129"]
[Result "0-1"]
[Round "03"]
[TimeControl "180+2"]
[Date "2023.01.17"]
[WhiteClock "0:00:01"]
[BlackClock "0:00:13"]

1. d4 Nf6 2. c4 g6 3. g3 Bg7 4. Bg2 O-O 5. Nf3 d6 6. O-O c5 7. dxc5 dxc5 8. Ne5 Qb6 9. Nc3 Rd8 10. Qc2 Na6 11. a3 Bf5 12. e4 Be6 13. h3 Qc7 14. f4 Nd7 15. Nb5 Qb8 16. Nd3 Nc7 17. e5 Nxb5 18. cxb5 c4 19. Nf2 Nc5 20. Be3 Qc7 21. Rad1 Nb3 22. Ne4 Rac8 23. g4 Bd5 24. Nc3 Bxg2 25. Qxg2 e6 26. Ne4 b6 27. Nd6 Rb8 28. Qe4 c3 29. Rc1 Nxc1 30. Rxc1 Rxd6 31. exd6 Qxd6 32. Rxc3 Bxc3 33. bxc3 Qd5 34. Qc2 Qf3 35. Bd4 Qg3+ 36. Qg2 Qxf4 37. Qc6 Qg3+ 38. Kf1 Qxh3+ 39. Ke1 Qh4+ 40. Kd2 Qg5+ 41. Kc2 Qxg4 42. Qd6 Qf5+ 0-1


[Site "https://www.chess.com"]

[Event "Titled Tuesday Blitz January 17 Early 2023"]
[White "Quinones Garcia, Santiago"]
[Black "Tarnowska, Aleksandra"]
[WhiteFideId "4408497"]
[BlackFideId "1180967"]
[WhiteElo "2248"]
[BlackElo "1835"]
[Result "0-1"]
[Round "03"]
[TimeControl "180+2"]
[Date "2023.01.17"]
[WhiteClock "0:00:09"]
[BlackClock "0:00:05"]

1. d4 d5 2. c4 e6 3. Nc3 Nf6 4. Bg5 Be7 5. cxd5 exd5 6. e3 O-O 7. Bd3 h6 8. Bh4 Nbd7 9. Nf3 c5 10. O-O b6 11. Bc2 Bb7 12. Qd3 Ne4 13. Bxe7 Qxe7 14. dxc5 Ndxc5 15. Qe2 Rac8 16. Rfd1 Nxc3 17. bxc3 Ne4 18. Rd4 Rxc3 19. Bb3 Rfc8 20. h3 Qd6 21. Rad1 Rc1 22. Qd3 Rxd1+ 23. Qxd1 Nc3 24. Qd3 Qe6 25. Nd2 a5 26. e4 Nxe4 27. Nxe4 Rc1+ 28. Kh2 dxe4 29. Qe3 Qe5+ 30. g3 Rc8 31. Rd7 Bc6 32. Rxf7 Kh8 33. h4 Bd5 34. Bxd5 Qxd5 35. Qxb6 Qxf7 36. Qe3 Rf8 37. h5 Qf3 38. Qc5 Qxf2+ 39. Qxf2 Rxf2+ 40. Kg1 Rxa2 41. g4 e3 0-1


[Site "https://www.chess.com"]

[Event "Titled Tuesday Blitz January 17 Early 2023"]
[White "Topalov, Aleksandar"]
[Black "ritanovikova"]
[WhiteFideId "925659"]
[WhiteElo "2233"]
[BlackElo "2137"]
[Result "1/2-1/2"]
[Round "03"]
[TimeControl "180+2"]
[Date "2023.01.17"]
[WhiteClock "0:00:12"]
[BlackClock "0:00:18"]

1. b3 Nf6 2. Bb2 g6 3. Bxf6 exf6 4. c4 Bg7 5. Nc3 O-O 6. e3 d6 7. Nge2 f5 8. g3 Bd7 9. Rc1 Bc6 10. Nd5 Nd7 11. Bg2 Nf6 12. O-O Nxd5 13. cxd5 Bd7 14. d4 Rc8 15. Rc4 Bb5 16. Rc2 Bxe2 17. Qxe2 Qd7 18. Rfc1 Rfe8 19. Qd3 Re7 20. b4 a6 21. a4 Qxa4 22. Rb2 Qd7 23. b5 axb5 24. Qxb5 Qxb5 25. Rxb5 Rb8 26. Rcb1 b6 27. Ra1 g5 28. Rb3 f4 29. Bf3 fxe3 30. fxe3 Rbe8 31. Raa3 f5 32. Kg2 g4 33. Bd1 Bh6 34. Kf2 Bg7 35. Rd3 h5 36. Ba4 Ra8 37. Bc6 Rxa3 38. Rxa3 h4 39. gxh4 Bf6 40. h5 Kg7 41. Ra8 Bg5 42. Re8 Bxe3+ 43. Ke2 Rxe8 44. Bxe8 Bxd4 45. Bg6 Be5 46. Bxf5 Bxh2 47. Bxg4 Bf4 48. Kd3 Kf6 49. Kc4 Ke5 50. Bf3 Kf6 51. Kb5 Ke7 52. Kc6 Kd8 53. Be2 Bh6 54. Bb5 Bg5 1/2-1/2


[Site "https://www.chess.com"]

[Event "Titled Tuesday Blitz January 17 Early 2023"]
[White "Lorenzo De La Riva, Lazaro"]
[Black "Winkels, Marcel"]
[WhiteFideId "2268809"]
[BlackFideId "1003887"]
[WhiteElo "2404"]
[BlackElo "1960"]
[Result "1-0"]
[Round "03"]
[TimeControl "180+2"]
[Date "2023.01.17"]
[WhiteClock "0:00:13"]
[BlackClock "0:00:06"]

1. e4 c5 2. Nf3 d6 3. d4 cxd4 4. Nxd4 Nf6 5. Nc3 a6 6. h3 e5 7. Nde2 h5 8. g3 Be6 9. Bg2 Be7 10. Be3 b5 11. O-O Nbd7 12. f4 Nb6 13. b3 O-O 14. f5 Bc8 15. Bf3 Bb7 16. g4 hxg4 17. hxg4 b4 18. Nd5 Nbxd5 19. exd5 e4 20. Bg2 Nxg4 21. Bd4 Bf6 22. Bxf6 Qxf6 23. Nf4 Qh4 24. Nh3 Ne3 25. Qe2 Nxf1 26. Rxf1 Bxd5 27. f6 Be6 28. Rf4 Qh6 29. fxg7 Rfe8 30. Qe3 Bxh3 31. Bxh3 d5 32. Qg3 Rac8 33. Rh4 Qc1+ 34. Bf1 f5 35. Qg6 Qe3+ 36. Kh1 1-0


[Site "https://www.chess.com"]

[Event "Titled Tuesday Blitz January 17 Early 2023"]
[White "Larina, Maria"]
[Black "Wilson, Elvin"]
[WhiteFideId "24113182"]
[BlackFideId "2014874"]
[WhiteElo "1948"]
[BlackElo "2183"]
[Result "0-1"]
[Round "03"]
[TimeControl "180+2"]
[Date "2023.01.17"]
[WhiteClock "0:00:01"]
[BlackClock "0:00:09"]

1. e4 e6 2. d4 d5 3. Nc3 Bb4 4. exd5 exd5 5. Bd3 Nf6 6. Ne2 O-O 7. O-O Re8 8. a3 Bf8 9. Ng3 Bg4 10. f3 Be6 11. Nce2 c5 12. Kh1 Nc6 13. Be3 c4 14. Bf5 g6 15. Bxe6 Rxe6 16. Qd2 Qd7 17. Bh6 Rae8 18. Bxf8 Kxf8 19. Nf4 Re3 20. Rfe1 Rxe1+ 21. Rxe1 Rxe1+ 22. Qxe1 Nxd4 23. Qe5 Nxc2 24. Qxf6 d4 25. Qh8+ Ke7 26. Qe5+ Kf8 27. Qc5+ Kg8 28. Qxc4 Ne3 29. Qd3 Qd6 30. Nfe2 Qc5 31. Qxd4 Qe7 32. h3 Nc2 33. Qd2 Qc7 34. Ne4 h5 35. Nf6+ Kg7 36. Nd5 Qc6 37. Qc3+ Qxc3 38. Ndxc3 Kf6 39. Kg1 Ke6 40. Kf2 Kd6 41. Ne4+ Kc6 42. N2c3 Nd4 43. Ke3 Ne6 44. g3 b6 45. h4 Ng7 46. Ng5 Nf5+ 47. Kf4 f6 48. Ne6 Nd6 49. Ne4 Ne8 50. Nd4+ Kd5 51. Nb5 Kc4 52. Nbc3 Kb3 53. Nd1 Kc2 54. Nef2 Nd6 55. g4 b5 56. gxh5 gxh5 57. Ke3 a5 58. Kd4 a4 59. Kd5 Nf5 60. Ke6 Nxh4 61. Kxf6 Nxf3 62. Nc3 Kxb2 63. Nxb5 h4 64. Nh3 Nd2 65. Kg5 Nc4 66. Kf4 Nxa3 0-1


[Site "https://www.chess.com"]

[Event "Titled Tuesday Blitz January 17 Early 2023"]
[White "Adithya A Chullikkad"]
[Black "Jiganchine, Roman"]
[WhiteFideId "45078734"]
[BlackFideId "2603667"]
[WhiteElo "2259"]
[BlackElo "2205"]
[Result "0-1"]
[Round "03"]
[TimeControl "180+2"]
[Date "2023.01.17"]
[WhiteClock "0:01:44"]
[BlackClock "0:00:34"]

1. e4 c6 2. c4 d5 3. exd5 cxd5 4. cxd5 Nf6 5. Nc3 Nxd5 6. Bc4 Nb6 7. Bb3 Nc6 8. Nf3 e6 9. d4 Be7 10. Be3 O-O 11. O-O Bf6 12. Qd2 Nb4 13. Rfd1 N4d5 14. Rac1 Bd7 15. Ne4 Bc6 16. Nxf6+ Qxf6 17. Ne5 Rac8 18. Nxc6 Rxc6 19. Rxc6 bxc6 20. Rc1 Rc8 21. a4 h6 22. a5 Nd7 23. Ba4 e5 24. dxe5 Nxe5 25. Bd4 Nf4 26. Bxe5 Qxe5 27. Rxc6 Re8 28. h3 Qg5 0-1


[Site "https://www.chess.com"]